 Dungeon Crawl Stone Soup version 0.30.1-3-gfc49f6343a (webtiles) character file.

Game seed: 9011569035517128920

21 safid the Chiller (level 2, -3/21 HPs)
             Began as a Merfolk Ice Elementalist on July 26, 2023.
             Slain by a gnoll
             ... wielding a +0 flail
              (6 damage)
             ... on level 1 of the Dungeon.
             The game lasted 00:00:59 (519 turns).

safid the Chiller (Merfolk Ice Elementalist)         Turns: 519, Time: 00:01:01

Health: -3/21      AC:  2    Str:  8    XL:     2   Next: 87%
Magic:  0/5        EV: 12    Int: 14    God:
Gold:   30         SH:  0    Dex: 14    Spells: 4/5 levels left

rFire   . . .        d - +0 dagger
rCold   . . .        (no shield)
rNeg    . . .        a - +0 robe
rPois   .            (no helmet)
rElec   .            (no cloak)
rCorr   .            (no gloves)
SInv    .            (no boots)
Will    .....        (no amulet)
Stlth   ++           (no ring)
HPRegen 0.23/turn    (no ring)
MPRegen 0.09/turn

%: no passive effects
@: no status effects
A: (nimble swimmer 2), mertail
a: no special abilities


You were on level 1 of the Dungeon.
You visited 1 branch of the dungeon, and saw 1 of its levels.

You collected 30 gold pieces.

Inventory:

Hand Weapons
 d - a +0 dagger (weapon)
Armour
 a - a +0 robe (worn)
Scrolls
 g - a scroll of identify {unknown}
 h - a scroll of amnesia {unknown}
Potions
 b - a potion of magic
 c - a potion of heal wounds {unknown}
 e - a potion of berserk rage {unknown}
 f - a potion of resistance {unknown}


   Skills:
 + Level 1.2 Fighting
 - Level 2.6 Dodging
 - Level 2.1 Stealth
 + Level 2.4 Spellcasting
 + Level 4.7 Ice Magic


You had 4 spell levels left.
You knew the following spells:

 Your Spells              Type           Power      Damage    Failure   Level
a - Freeze                Ice            56%        1d7       3%          1

Your spell library contained the following spells:

 Spells                   Type           Power      Damage    Failure   Level
 Frozen Ramparts          Ice            28%        1d5       10%         3
 Ozocubu's Armour         Ice            14%        N/A       10%         3
 Summon Ice Beast         Ice/Summ       8%         N/A       65%         4


Dungeon Overview and Level Annotations

Branches:
Dungeon (1/15)

Altars:


Innate Abilities, Weirdness & Mutations

((You are very nimble when in or above water. (Stealth+, EV+, Speed+++)))
Your lower body shifts to a powerful aquatic tail in water.


Message History

Casting: Freeze (safe; 3% risk of failure)
Confirm with . or Enter, or press ? or * to list all spells.
Aiming: Freeze (safe; 3% risk of failure)
Press: ? - help, Shift-Dir - straight line, f/p - quokka
Aim: a quokka (lightly wounded)
You freeze the quokka!
You kill the quokka!
The gnoll misses you.
Unknown command.
Casting: Freeze (safe; 3% risk of failure)
Confirm with . or Enter, or press ? or * to list all spells.
Aiming: Freeze (safe; 3% risk of failure)
Press: ? - help, Shift-Dir - straight line, f - kobold
Aim: a kobold, wielding a +0 short sword You freeze the kobold.
You kill the kobold!
The gnoll hits you with a +0 flail!
Unknown command.
Casting: Freeze (safe; 3% risk of failure)
Confirm with . or Enter, or press ? or * to list all spells.
Aiming: Freeze (safe; 3% risk of failure)
Press: ? - help, Shift-Dir - straight line, f - gnoll
Aim: a gnoll, wielding a +0 flail You freeze the gnoll.
The gnoll is moderately wounded.
The gnoll hits you with a +0 flail!
* * * LOW HITPOINT WARNING * * *
Casting: Freeze (safe; 3% risk of failure)
Confirm with . or Enter, or press ? or * to list all spells.
Aiming: Freeze (safe; 3% risk of failure)
Press: ? - help, Shift-Dir - straight line, f/p - gnoll
Aim: a gnoll, wielding a +0 flail (moderately wounded)
You freeze the gnoll.
The gnoll is almost dead.
The gnoll closely misses you.
Unknown command.
You hit the gnoll but do no damage.
The gnoll is almost dead.
The gnoll hits you with a +0 flail.
You die...

###+#######
#.........#
#.........#
###########...)....$#
#.........# #@###
#.........###.g(#
#.........##..#......
..####
#..........>..#.#####
#.....
#.........#.#.# #
#.....
#.............#
#.#.#>
#...........#######
##
#.................. #
#.........#.###### #


You could see a gnoll.

Vanquished Creatures
  4 endoplasms (D:1)
  4 goblins (D:1)
  3 kobolds (D:1)
  2 quokkas (D:1)
  2 ball pythons (D:1)
  3 rats (D:1)
18 creatures vanquished.

Notes
Turn   | Place    | Note
-------+----------+-------------------------------------------
     0 | D:1      | safid the Merfolk Ice Elementalist began the quest for the
                  | Orb.
     0 | D:1      | Reached XP level 1. HP: 13/13 MP: 3/3
   171 | D:1      | Reached XP level 2. HP: 20/20 MP: 3/5
   283 | D:1      | Reached skill level 1 in Fighting
   519 | D:1      | Slain by a gnoll

Illustrated notes

Levels and vault maps discovered:
D:1:      onia_arrival_handbag, layout_basic

Skill      XL: |  1  2 |
---------------+-------+-----
Fighting       | 1 |  1.2
Dodging        | |  2.6
Stealth        | |  2.1
Spellcasting   | |  2.4
Ice Magic      | |  4.7

Action                     || total
---------------------------++-------
  Melee: Unarmed           ||     6
         Punch             ||     1
         Dagger            ||     5
   Cast: Freeze            ||    24
 Armour: Robe              ||     5
  Dodge: Dodged            ||    16
